 Dungeon Crawl Stone Soup version 0.27-a0-681-g0c81a3c1c3 (webtiles) character file.

Game seed: 18184288112562490637

6282 robertstho the Frost Mage (level 10, -11/76 HPs)
             Began as a Gnoll Ice Elementalist on Mar 19, 2021.
             Was a Believer of Sif Muna.
             Mangled by an eight-headed hydra (15 damage)
             ... on level 1 of the Lair of Beasts.
             The game lasted 00:24:28 (13562 turns).

robertstho the Frost Mage (Gnoll Ice Elementalist) Turns: 13562, Time: 00:24:30

Health: -11/76     AC:  4    Str:  7    XL:     10   Next: 94%
Magic:  3/21       EV: 16    Int: 18    God:    Sif Muna [**....]
Gold:   657        SH:  5    Dex: 16    Spells: 9/24 levels left

rFire    . . .     SeeInvis .   k - +3 spear of the Reaper {pain, +Blink rC+ Dex+3}
rCold    + . .     Faith    .   (no shield)
rNeg     . . .     Spirit   .   a - +0 robe
rPois    .         Reflect  +   (no helmet)
rElec    .         Harm     .   b - scarf {repulsion}
rCorr    +         Rampage  .   (no gloves)
Will     +....                  r - +1 pair of boots
Stlth    ++++......             d - amulet of reflection
HPRegen  0.22/turn              p - ring of willpower
MPRegen  0.17/turn              B - ring of resist corrosion

@: very slightly contaminated, repel missiles
A: fangs 1, strong nose, distributed training
a: Renounce Religion, Evoke Blink, Channel Magic


You were on level 1 of the Lair of Beasts.
You worshipped Sif Muna.
Sif Muna was pleased with you.
You visited 3 branches of the dungeon, and saw 11 of its levels.

You collected 657 gold pieces.

Inventory:

Hand Weapons
 k - the +3 spear of the Reaper (weapon) {pain, +Blink rC+ Dex+3}
   (You found it on level 9 of the Dungeon)

   In the hands of one skilled in necromantic magic, it inflicts extra damage on
   living creatures.
   It affects your dexterity (+3).
   It protects you from cold.
   It lets you blink.
Armour
 a - a +0 robe (worn)
 b - a scarf of repulsion (worn)
 r - a +1 pair of boots (worn)
Jewellery
 d - an amulet of reflection (around neck)
 f - a +6 ring of dexterity
 p - a ring of willpower (right hand)
 s - a ring of fire
 B - a ring of resist corrosion (left hand)
Wands
 n - a wand of flame (53)
 z - a wand of mindburst (15)
 A - a wand of digging (5)
Scrolls
 e - 3 scrolls of blinking
 g - 5 scrolls of immolation
 j - 2 scrolls of teleportation
 l - 3 scrolls of holy word {unknown}
 q - a scroll of enchant weapon {unknown}
 t - a scroll of magic mapping {unknown}
 w - a scroll of brand weapon {unknown}
 y - a scroll of fog {unknown}
Potions
 c - 2 potions of heal wounds {unknown}
 h - 4 potions of flight
 i - a potion of invisibility {unknown}
 m - a potion of ambrosia
 o - a potion of might
 u - a potion of lignification
 v - a potion of brilliance
 x - a potion of cancellation
 C - a potion of berserk rage


   Skills:
 + Level 5.7 Fighting
 + Level 5.7 Short Blades
 + Level 5.7 Long Blades
 + Level 5.7 Axes
 + Level 5.7 Maces & Flails
 + Level 5.7 Polearms
 + Level 5.7 Staves
 + Level 5.7 Slings
 + Level 5.7 Bows
 + Level 5.7 Crossbows
 + Level 5.7 Throwing
 + Level 5.7 Armour
 + Level 7.4 Dodging
 + Level 7.2 Stealth
 + Level 5.7 Shields
 + Level 5.7 Unarmed Combat
 + Level 7.7 Spellcasting
 + Level 4.7 Conjurations
 + Level 4.7 Hexes
 + Level 4.7 Summonings
 + Level 4.7 Necromancy
 + Level 4.7 Translocations
 + Level 4.7 Transmutations
 + Level 4.7 Fire Magic
 + Level 8.6 Ice Magic
 + Level 4.7 Air Magic
 + Level 4.7 Earth Magic
 + Level 4.7 Poison Magic
 + Level 6.3 Invocations
 + Level 5.7 Evocations


You had 9 spell levels left.
You knew the following spells:

 Your Spells              Type           Power      Damage    Failure   Level
a - Freeze                Ice            100%       1d11      1%          1
b - Frozen Ramparts       Ice            76%        1d9       1%          3
c - Ozocubu's Armour      Ice            38%        N/A       1%          3
d - Hailstorm             Conj/Ice       31%        3d8       6%          4
e - Summon Ice Beast      Ice/Summ       31%        N/A       6%          4

Your spell library contained the following spells:

 Spells                   Type           Power      Damage    Failure   Level
 Animate Skeleton         Necr           48%        N/A       1%          1
 Apportation              Tloc           48%        N/A       1%          1
 Corona                   Hex            26%        N/A       1%          1
 Summon Small Mammal      Summ           96%        N/A       1%          1
 Ensorcelled Hibernation  Hex/Ice        62%        N/A       1%          2
 Confusing Touch          Hex            24%        N/A       4%          3
 Dazzling Flash           Conj/Hex       48%        N/A       4%          3
 Tukima's Dance           Hex            24%        N/A       4%          3


Dungeon Overview and Level Annotations

Branches:
Dungeon (9/15)             Temple (1/1) D:6            Lair (1/6) D:8
    Orc (0/2) D:9

Altars:
Ashenzari
Cheibriados
Dithmenos
Elyvilon
Fedhas
Gozag
Hepliaklqana
Kikubaaqudgha
Makhleb
Nemelex Xobeh
Okawaru
Qazlal
Ru
Sif Muna
Trog
Uskayaw
Vehumet
Wu Jian
Xom
Yredelemnul
Zin
The Shining One

Shops:
D:9 (

Annotations:
D:5 Need digging for demon blade


Innate Abilities, Weirdness & Mutations

You have very sharp teeth.
Your uncanny sense of smell can sniff out nearby items.
Your experience applies equally to all skills.


Message History

The komodo dragon writhes in agony.
The komodo dragon is lightly wounded.
The komodo dragon bites your ice beast!
Casting: Summon Ice Beast (dangerous; 6% risk of failure)
Confirm with . or Enter, or press ? or * to list all spells.
A chill wind blows around you.
Your ice beast barely misses the komodo dragon.
The komodo dragon closely misses your ice beast.
Casting: Summon Ice Beast (dangerous; 6% risk of failure)
Confirm with . or Enter, or press ? or * to list all spells.
You miscast Summon Ice Beast.
You are very lightly contaminated with residual magic.
Your hands feel numb with cold.
You resist.
Your ice beast hits the komodo dragon but does no damage.
The eight-headed hydra bites you but does no damage.
The eight-headed hydra barely misses you.
The eight-headed hydra closely misses you.
The eight-headed hydra bites you but does no damage.
The eight-headed hydra completely misses you.
The eight-headed hydra misses you. The eight-headed hydra bites you! x2
The komodo dragon bites your ice beast!!
Your ice beast dies!
Your ice beast hits the eight-headed hydra.
Your ice beast freezes the eight-headed hydra!
The eight-headed hydra seems to slow down.
The komodo dragon closely misses your ice beast.
You fail to use your ability.
Your ice beast hits the eight-headed hydra.
Your ice beast freezes the eight-headed hydra.
The eight-headed hydra bites you. x2
The eight-headed hydra closely misses you.
The eight-headed hydra bites you!
* * * LOW HITPOINT WARNING * * *
The eight-headed hydra bites you.
* * * LOW HITPOINT WARNING * * *
The eight-headed hydra barely misses you.
The eight-headed hydra bites you.
* * * LOW HITPOINT WARNING * * *
The eight-headed hydra bites you!
You die...

##..P# #.... .......... ......
#.[### #... .......... ...(##
#..# #.. .......... ...# ..##
......... ..# ..# #.....# .##
###l....## †## #.Y......# #.#
##D......# ### #@......# #
#.......# #### ##.....(.#### ##
#P.############........#P.######P
.................................
.................................
................................<
.................................
###.###.####..##........##.###.##


You could see an eight-headed hydra (slow, ally target), a komodo dragon and a
friendly ice beast (summoned).

Vanquished Creatures
  A two-headed ogre (D:9)
  Pikel (D:8)
  Joseph (D:8)
  A steam dragon (D:6)
  2 orc warriors
  2 ice beasts
  2 sky beasts
  2 ogres
  4 wolves (Lair:1)
  4 phantoms
  4 centaurs
  A lemure (D:8)
  A nameless horror (D:4)
  2 kobold brigands
  3 bullfrogs
  A gnoll sergeant (D:5)
  A wyvern zombie (D:9)
  2 killer bees (D:7)
  3 howler monkeys
  3 bullfrog zombies
  A centaur zombie (D:8)
  8 orc priests
  A centaur skeleton (D:4)
  5 hounds
  3 jellies
  A bullfrog skeleton (D:6)
  2 iguanas
  6 orc wizards
  7 worker ants
  A hound skeleton (D:8)
  5 gnolls
  10 adders
  A shadow imp (D:7)
  3 ufetubi
  An adder skeleton (D:9)
  4 worms
  3 leopard geckos
  29 orcs
  4 bats
  9 giant cockroaches
  3 goblins
  11 hobgoblins
  8 jackals
  29 kobolds
  3 quokkas
  3 ball pythons
  4 frilled lizards
  A leopard gecko skeleton (D:8)
  3 quokka skeletons
  10 rats
220 creatures vanquished.

Vanquished Creatures (collateral kills)
  A black mamba (Lair:1)
  Eustachio (D:5)
  A steam dragon (D:8)
  A water moccasin (Lair:1)
  3 ice beasts
  An orc warrior (D:5)
  A sky beast (D:7)
  2 black bears
  6 ogres
  A centaur (D:7)
  3 kobold brigands
  A bullfrog (D:9)
  3 killer bees (D:7)
  2 wights (D:5)
  A howler monkey (D:7)
  An orc priest (D:9)
  2 worker ants
  A white imp (D:7)
  2 ufetubi (D:8)
  4 kobolds
38 creatures vanquished.

Grand Total: 258 creatures vanquished

Notes
Turn   | Place    | Note
-------+----------+-------------------------------------------
     0 | D:1      | robertstho the Gnoll Ice Elementalist began the quest for
                  | the Orb.
     0 | D:1      | Reached XP level 1. HP: 13/13 MP: 6/6
   208 | D:1      | Reached XP level 2. HP: 19/19 MP: 5/7
  1062 | D:2      | Reached XP level 3. HP: 25/25 MP: 7/9
  1127 | D:2      | Reached skill level 5 in Spellcasting
  1604 | D:2      | Reached skill level 1 in Invocations
  2050 | D:2      | Learned a level 3 spell: Frozen Ramparts
  2054 | D:2      | Learned a level 3 spell: Ozocubu's Armour
  2174 | D:2      | Reached skill level 1 in Fighting
  2174 | D:2      | Reached skill level 1 in Short Blades
  2174 | D:2      | Reached skill level 1 in Long Blades
  2174 | D:2      | Reached skill level 1 in Axes
  2174 | D:2      | Reached skill level 1 in Maces & Flails
  2174 | D:2      | Reached skill level 1 in Polearms
  2174 | D:2      | Reached skill level 1 in Staves
  2174 | D:2      | Reached skill level 1 in Slings
  2174 | D:2      | Reached skill level 1 in Bows
  2174 | D:2      | Reached skill level 1 in Crossbows
  2174 | D:2      | Reached skill level 1 in Throwing
  2174 | D:2      | Reached skill level 1 in Armour
  2174 | D:2      | Reached skill level 1 in Shields
  2174 | D:2      | Reached skill level 1 in Unarmed Combat
  2174 | D:2      | Reached skill level 1 in Evocations
  2437 | D:3      | Reached XP level 4. HP: 32/32 MP: 11/11
  2508 | D:3      | Reached skill level 1 in Conjurations
  2508 | D:3      | Reached skill level 1 in Hexes
  2508 | D:3      | Reached skill level 1 in Summonings
  2508 | D:3      | Reached skill level 1 in Necromancy
  2508 | D:3      | Reached skill level 1 in Translocations
  2508 | D:3      | Reached skill level 1 in Transmutations
  2508 | D:3      | Reached skill level 1 in Fire Magic
  2508 | D:3      | Reached skill level 1 in Air Magic
  2508 | D:3      | Reached skill level 1 in Earth Magic
  2508 | D:3      | Reached skill level 1 in Poison Magic
  2793 | D:3      | Reached XP level 5. HP: 20/37 MP: 6/12
  3111 | D:3      | Found a faded altar of an unknown god.
  3603 | D:4      | Reached XP level 6. HP: 32/44 MP: 9/13
  3712 | D:4      | You fall into a shaft and drop 2 floors!
  3728 | D:6      | Noticed a steam dragon
  3745 | D:6      | Learned a level 4 spell: Hailstorm
  3750 | D:6      | Learned a level 4 spell: Summon Ice Beast
  3765 | D:6      | Reached skill level 5 in Dodging
  3837 | D:6      | Noticed an ice beast
  3854 | D:6      | Killed an ice beast
  4183 | D:5      | Entered Level 5 of the Dungeon
  4183 | D:5      | Noticed a sky beast
  4193 | D:5      | Killed a sky beast
  4194 | D:5      | Reached XP level 7. HP: 36/51 MP: 10/15
  4469 | D:4      | Noticed a nameless horror
  4480 | D:4      | Killed a nameless horror
  4483 | D:4      | Reached skill level 5 in Stealth
  5198 | D:4      | Found a blossoming altar of Fedhas.
  5198 | D:4      | Found a hide-covered altar of Uskayaw.
  5207 | D:4      | Found a snail-covered altar of Cheibriados.
  5209 | D:4      | Found a faded altar of an unknown god.
  5211 | D:4      | Found a burning altar of Makhleb.
  5845 | D:5      | Reached XP level 8. HP: 43/57 MP: 0/16
  5981 | D:5      | Noticed Eustachio
  6023 | D:5      | HP: 2/58 [Eustachio/+0 rapier (9)]
  6466 | D:5      | Killed Eustachio
  6981 | D:5      | Found a white marble altar of Elyvilon.
  6981 | D:5      | Found a hazy altar of Hepliaklqana.
  7217 | D:6      | Found a bloodstained altar of Trog.
  7469 | D:6      | Found a staircase to the Ecumenical Temple.
  7482 | Temple   | Entered the Ecumenical Temple
  8058 | D:6      | Reached XP level 9. HP: 63/65 MP: 14/18
  8799 | D:7      | Reached skill level 8 in Ice Magic
  9306 | D:7      | Found an ornate altar of the Wu Jian Council.
  9373 | D:7      | Found an ornate altar of the Wu Jian Council.
  9730 | D:8      | Found a shimmering blue altar of Sif Muna.
  9765 | D:8      | Became a worshipper of Sif Muna the Loreminder
  9898 | D:8      | Found a staircase to the Lair.
  9917 | D:8      | Reached skill level 5 in Invocations
  9926 | D:8      | Noticed Pikel
  9947 | D:8      | Killed Pikel
  9948 | D:8      | Reached XP level 10. HP: 32/73 MP: 14/20
 10082 | D:8      | Reached skill level 5 in Fighting
 10082 | D:8      | Reached skill level 5 in Short Blades
 10082 | D:8      | Reached skill level 5 in Long Blades
 10082 | D:8      | Reached skill level 5 in Axes
 10082 | D:8      | Reached skill level 5 in Maces & Flails
 10082 | D:8      | Reached skill level 5 in Polearms
 10082 | D:8      | Reached skill level 5 in Staves
 10082 | D:8      | Reached skill level 5 in Slings
 10082 | D:8      | Reached skill level 5 in Bows
 10082 | D:8      | Reached skill level 5 in Crossbows
 10082 | D:8      | Reached skill level 5 in Throwing
 10082 | D:8      | Reached skill level 5 in Armour
 10082 | D:8      | Reached skill level 5 in Shields
 10082 | D:8      | Reached skill level 5 in Unarmed Combat
 10082 | D:8      | Reached skill level 5 in Evocations
 10086 | D:8      | Reached * piety under Sif Muna
 10721 | D:8      | Noticed Joseph
 11089 | D:8      | Killed Joseph
 11654 | D:9      | Reached ** piety under Sif Muna
 12187 | D:9      | Noticed a two-headed ogre
 12198 | D:9      | Killed a two-headed ogre
 12391 | D:9      | Identified the +3 spear of the Reaper {pain, +Blink rC+
                  | Dex+3}
 12434 | D:9      | Found Enath's Weapon Shop.
 12750 | D:9      | Found a staircase to the Orcish Mines.
 12977 | D:9      | Found an opulent altar of Gozag.
 13184 | Lair:1   | Entered Level 1 of the Lair of Beasts
 13220 | Lair:1   | Noticed a black mamba
 13230 | Lair:1   | Killed a black mamba
 13550 | Lair:1   | Noticed an eight-headed hydra
 13562 | Lair:1   | Mangled by an eight-headed hydra

Illustrated notes

Levels and vault maps discovered:
D:1:      minmay_arrival_loop, layout_basic
D:2:      layout_basic
D:3:      layout_loops_ring, chequers_ecumenical_altar_twisty
D:4:      minmay_evil_eye, layout_loops_corners,
          chequers_temple_overflow_minitemple
D:5:      layout_rooms, chequers_temple_overflow_statue_of_worship,
          sword_in_stone
D:6:      layout_basic, temple_green, trog_antimagical
D:7:      layout_cave_pools, lemuel_doored_altar, basic_altar
D:8:      hangedman_cross_stitches, layout_loops_ring,
          nicolae_sif_muna_condensation, uniq_pikel, uniq_joseph
D:9:      layout_basic, nicolae_gozag_seed_capital, orc_0_dummy, serial_shops,
          shop
Temple:   nicolae_temple_figure_eight
Lair:1:   layout_hall_layers

Skill      XL: |  1  2  3  4  5  6  7  8  9 10 |
---------------+-------------------------------+-----
Spellcasting   | 5 6 7 |  7.7
Invocations    | 1 2 3 4 5 6 |  6.3
Fighting       | 1 2 3 4 5 |  5.7
Short Blades   | 1 2 3 4 5 |  5.7
Long Blades    | 1 2 3 4 5 |  5.7
Axes           | 1 2 3 4 5 |  5.7
Maces & Flails | 1 2 3 4 5 |  5.7
Polearms       | 1 2 3 4 5 |  5.7
Staves         | 1 2 3 4 5 |  5.7
Slings         | 1 2 3 4 5 |  5.7
Bows           | 1 2 3 4 5 |  5.7
Crossbows      | 1 2 3 4 5 |  5.7
Throwing       | 1 2 3 4 5 |  5.7
Armour         | 1 2 3 4 5 |  5.7
Shields        | 1 2 3 4 5 |  5.7
Unarmed Combat | 1 2 3 4 5 |  5.7
Evocations     | 1 2 3 4 5 |  5.7
Conjurations   | 1 2 3 4 |  4.7
Hexes          | 1 2 3 4 |  4.7
Summonings     | 1 2 3 4 |  4.7
Necromancy     | 1 2 3 4 |  4.7
Translocations | 1 2 3 4 |  4.7
Transmutations | 1 2 3 4 |  4.7
Fire Magic     | 1 2 3 4 |  4.7
Air Magic      | 1 2 3 4 |  4.7
Earth Magic    | 1 2 3 4 |  4.7
Poison Magic   | 1 2 3 4 |  4.7
Dodging        | 5 6 7 |  7.4
Stealth        | 5 6 7 |  7.2
Ice Magic      | 8 |  8.6

Action                   |  1- 3 |  4- 6 |  7- 9 | 10-12 || total
-------------------------+-------+-------+-------+-------++-------
Melee: Unarmed           |    12 |       |       |       ||    12
       Bite              |     5 |     5 |    15 |    15 ||    40
       Dagger            |    41 |    56 |       |       ||    97
       Whip              |     6 |       |       |       ||     6
       Quarterstaff      |       |    20 |   206 |   102 ||   328
       Spear             |       |       |       |    71 ||    71
 Cast: Freeze            |    37 |     6 |     2 |       ||    45
       Frozen Ramparts   |     2 |    15 |    21 |    11 ||    49
       Summon Ice Beast  |       |     2 |    31 |    28 ||    61
       Ozocubu's Armour  |       |     1 |     4 |     3 ||     8
       Hailstorm         |       |       |     9 |    10 ||    19
  Use: Scroll            |       |     4 |     3 |     5 ||    12
       Potion            |       |       |     3 |     1 ||     4
 Stab: Sleeping          |     4 |    11 |     9 |     3 ||    27
       Distracted        |       |       |     1 |     1 ||     2
Armor: Robe              |    16 |    13 |    19 |    18 ||    66
Dodge: Dodged            |    37 |    45 |   162 |   135 ||   379
       Repelled          |       |     1 |       |     1 ||     2
Block: Other             |    14 |    14 |    62 |    45 ||   135
       Reflection        |       |       |     4 |     4 ||     8

Table legend: (Time is in decaauts)
 A = Elapsed time spent in this place.
 B = Non-inter-level travel time spent in this place.
 C = Inter-level travel time spent in this place.
 D = Time resting spent in this place.
 E = Time spent auto-exploring this place.
 F = Levels seen in this place.
 G = Mean time per level.
                   A        B        C        D        E       F      G
               +--------+--------+--------+--------+--------+-----+--------+
         Total |  13592 |  13248 |    344 |   1882 |   9470 |  11 | 1235.6 |
       Dungeon |  12997 |  12667 |    330 |   1882 |   8933 |   9 | 1444.1 |
        Temple |    220 |    207 |     13 |      0 |    207 |   1 |  220.0 |
          Lair |    374 |    374 |      0 |      0 |    330 |   1 |  374.0 |
               +--------+--------+--------+--------+--------+-----+--------+

Top non-repeatable levels by time:
     D:4: 1937 daAuts
     D:8: 1838 daAuts
     D:2: 1748 daAuts
     D:9: 1693 daAuts
     D:6: 1631 daAuts
     D:5: 1174 daAuts
     D:3: 1161 daAuts
     D:7: 1126 daAuts
     D:1: 686 daAuts
  Lair:1: 374 daAuts
  Temple: 220 daAuts
